 Dungeon Crawl Stone Soup version 0.27-a0-1065-ge809cff456 (webtiles) character file.

Game seed: 13677274245077784784

49 tardwrangler69 the Changer (level 3, -4/23 HPs)
             Began as an Octopode Transmuter on Apr 22, 2021.
             Slain by a gnoll
             ... wielding a +0 whip
              (8 damage)
             ... on level 1 of the Dungeon.
             The game lasted 00:02:27 (2170 turns).

tardwrangler69 the Changer (Octopode Transmuter)    Turns: 2170, Time: 00:02:28

Health: -4/23      AC:  1    Str:  9    XL:     3   Next: 77%
Magic:  6/6        EV: 13    Int: 15    God:
Gold:   14         SH:  0    Dex: 13    Spells: 5/6 levels left

rFire    . . .     SeeInvis .     - Unarmed
rCold    . . .     Faith    .   (no shield)
rNeg     . . .     Spirit   .   (helmet currently unavailable)
rPois    .         Reflect  .   (no amulet)
rElec    .         Harm     .   (no ring)
rCorr    .         Rampage  .   (no ring)
Will     .....                  (no ring)
Stlth    ++........             (no ring)
HPRegen  0.07/turn              (no ring)
MPRegen  0.10/turn              (no ring)
                                (no ring)
                                (no ring)

@: appendages
A: tentacle spike 3, almost no armour, amphibious, 8 rings, camouflage 1,
gelatinous body 1, (nimble swimmer 1), tentacles
a: End Transformation


You were on level 1 of the Dungeon.
One of your tentacles had grown a beastly spike.
You visited 1 branch of the dungeon, and saw 2 of its levels.

You collected 14 gold pieces.

Inventory:

Scrolls
 b - a scroll of noise {unknown}
 d - a scroll of fog {unknown}
Potions
 a - a potion of degeneration {unknown}
 c - a potion of haste {unknown}
 e - a potion of curing {unknown}


   Skills:
 - Level 1.0 Fighting
 - Level 2.0 Dodging
 - Level 3.0 Unarmed Combat
 - Level 2.0 Spellcasting
 + Level 4.0 Transmutations


You had 5 spell levels left.
You knew the following spells:

 Your Spells              Type           Power      Damage    Failure   Level
a - Beastly Appendage     Tmut           26%        N/A       4%          1

Your spell library contained the following spells:

 Spells                   Type           Power      Damage    Failure   Level
 Wereblood                Tmut           13%        N/A       6%          2
 Spider Form              Tmut/Pois      3%         N/A       28%         3
 Ice Form                 Ice/Tmut       7%         N/A       67%         4
 Hydra Form               Tmut           6%         N/A       75%         5


Dungeon Overview and Level Annotations

Branches:
Dungeon (2/15)

Altars:

Shops:
D:1 [


Innate Abilities, Weirdness & Mutations

One of your tentacles has grown a beastly spike.
You cannot wear most types of armour.
You are amphibious.
You can wear up to eight rings at the same time.
Your skin changes colour to match your surroundings (Stealth+).
Your rubbery body absorbs attacks. (AC +1, EV +1)
((You are camouflaged near water. (Stealth+)))
You have tentacles for arms and can constrict up to eight enemies at once.


Message History

You tentacle-slap the gnoll.
You kill the gnoll!
Your Transmutations skill increases to level 4!
There is a stone staircase leading up here.
Things that are here:
a +0 spear; a gnoll corpse A gnoll is nearby!
A gnoll is nearby!
A gnoll is nearby!
You climb upwards.
There is a stone staircase leading down here.
You start resting.
Your tentacle spike disappears.
You start resting.
HP restored.
Casting: Beastly Appendage (safe; 4% risk of failure)
Confirm with . or Enter, or press ? or * to list all spells.
One of your tentacles grows a vicious spike.
You climb downwards.
The gnoll shouts!
You hear a shout!
There is a stone staircase leading up here.
Things that are here:
a +0 spear; a gnoll corpse You tentacle-slap the gnoll.
Your grab misses the gnoll.
Your tentacle spike misses the gnoll.
The gnoll is lightly wounded.
The gnoll hits you from afar with a +0 halberd!
Ouch! That really hurt!
The gnoll hits you with a +0 whip.
* * * LOW HITPOINT WARNING * * *
The gnoll completely misses you.
You climb upwards.
There is a stone staircase leading down here.
You tentacle-slap the gnoll. Your grab misses the gnoll.
The gnoll is lightly wounded.
The gnoll misses you.
You tentacle-slap the gnoll. You grab the gnoll.
You pierce the gnoll.
The gnoll is severely wounded.
You constrict the gnoll. The gnoll hits you with a +0 whip!
You die...

#.....#####.###.# #...####
#.....# ##.#..## ##.#.#
######.....# ##.##.###.##.#
.........#.#######.###...###.#
.#..........#......# ##### #.#
.#.#####.#.##.###### #.# .#.#
#.........##### #.#
.#.#######...........# #.#
.#........##.#.#@###.#######.#
.......##...###g.............#
##..##.#####.#.#####.#########
#..##.# ##.## #.# #..##.# #.#
#.############ #..##.# #.#
#...)......... #..##.######.#
###.########## #............#
#.# ###.##.######.# #.#


You could see a gnoll.

Vanquished Creatures
  A gnoll (D:2)
  8 ball pythons
  8 hobgoblins (D:1)
  9 jackals
  2 quokkas (D:1)
  2 frilled lizards
  3 kobolds (D:1)
  3 rats (D:1)
36 creatures vanquished.

Notes
Turn   | Place    | Note
-------+----------+-------------------------------------------
     0 | D:1      | tardwrangler69 the Octopode Transmuter began the quest for
                  | the Orb.
     0 | D:1      | Reached XP level 1. HP: 13/13 MP: 3/3
   270 | D:1      | Reached XP level 2. HP: 16/18 MP: 5/5
   603 | D:1      | Reached skill level 3 in Transmutations
  1171 | D:1      | Reached XP level 3. HP: 20/23 MP: 4/6
  1642 | D:1      | Found Mebban's Antique Armour Shop.
  2054 | D:2      | Reached skill level 4 in Transmutations
  2170 | D:1      | Slain by a gnoll

Illustrated notes

Levels and vault maps discovered:
D:1:      minmay_arrival_stone_box, layout_loops_ring, serial_shops,
          nicolae_shop_crystal
D:2:      layout_loops_corners, uniq_jessica

Skill      XL: |  1  2  3 |
---------------+----------+-----
Transmutations | 3 4 |  4.0
Fighting       | |  1.0
Dodging        | |  2.0
Unarmed Combat | |  3.0
Spellcasting   | |  2.0

Action                   || total
-------------------------++-------
Melee: Unarmed           ||    88
       Constrict         ||    28
       Kick              ||    22
       Tentacles         ||    13
       Punch             ||     2
 Cast: Beastly Appendage ||    23
 Stab: Sleeping          ||     1
Armor: Skin              ||     6
Dodge: Dodged            ||    61

Table legend: (Time is in decaauts)
 A = Elapsed time spent in this place.
 B = Non-inter-level travel time spent in this place.
 C = Inter-level travel time spent in this place.
 D = Time resting spent in this place.
 E = Time spent auto-exploring this place.
 F = Levels seen in this place.
 G = Mean time per level.
                   A        B        C        D        E       F      G
               +--------+--------+--------+--------+--------+-----+--------+
         Total |   2166 |   2146 |     20 |    221 |   1630 |   2 | 1083.0 |
       Dungeon |   2166 |   2146 |     20 |    221 |   1630 |   2 | 1083.0 |
               +--------+--------+--------+--------+--------+-----+--------+

Top non-repeatable levels by time:
     D:1: 1919 daAuts
     D:2: 247 daAuts
